 Dungeon Crawl Stone Soup version 0.31-a0-175-g9f7f995f2b (webtiles) character file.

Game seed: 11896400997100505093

5658 qw the Skirmisher (level 10, 0/98 HPs)
             Began as a Naga Hunter on June 16, 2023.
             Was an Elder of Okawaru.
             Slain by a tengu warrior
             ... wielding a +1 battleaxe
              (9 damage)
             ... on level 9 of the Dungeon.
             The game lasted 00:03:18 (8688 turns).

qw the Skirmisher (Naga Hunter)                     Turns: 8688, Time: 00:03:18

Health: 0/98       AC: 10    Str: 14    XL:     10   Next: 75%
Magic:  10/11      EV: 16    Int:  8    God:    Okawaru [****..]
Gold:   519        SH:  0    Dex: 22    Spells: 9/9 levels left

rFire   + . .        q - +0 orcbow
rCold   . . .        (shield currently unavailable)
rNeg    . . .        o - +2 robe {rF+}
rPois   +            j - +2 helmet
rElec   +            (no cloak)
rCorr   +            (no gloves)
SInv    +            (no barding)
Will    +....        d - amulet of faith
Stlth   ++++         l - ring of resist corrosion
HPRegen 0.36/turn    (no ring)
MPRegen 0.12/turn

%: faith
@: about to teleport, short of breath, heroic, very slow
A: AC +3, large, see invisible, deformed body, poison resistance, slowness 2,
spit poison 2, naga tail 1, agile 1, low MP 1, electricity resistance
a: Breathe Poison Gas, Renounce Religion, Heroism, Finesse


You were on level 9 of the Dungeon.
You worshipped Okawaru.
Okawaru was greatly pleased with you.
You visited 1 branch of the dungeon, and saw 9 of its levels.
You also visited: Ossuary.

You collected 519 gold pieces.


Innate Abilities, Weirdness & Mutations

Your serpentine skin is tough. (AC +3)
You have supernaturally acute eyesight. (SInv)
Armour fits poorly on your strangely shaped body.
Your system is resistant to poisons. (rPois)
You cover ground very slowly.
You can exhale a cloud of poison.
You have a snake-like lower body.
You are agile. (Dex +4, Str/Int -1)
Your magical capacity is low. (-10% MP)
You are resistant to electric shocks. (rElec)


   Skills:
 - Level 8.7(13.7) Fighting
 + Level 11.3(16.3) Ranged Weapons
 - Level 1.2(6.2) Armour
 - Level 4.0(9.0) Dodging
 - Level 1.5(6.5) Stealth
 + Level 4.2 Invocations


You had 9 spell levels left.
You didn't know any spells.
Your spell library was empty.

Inventory:

Hand Weapons
 q - a +0 orcbow (weapon)
Armour
 j - a +2 helmet (worn)
 o - a +2 robe of fire resistance (worn)
Jewellery
 c - an amulet of regeneration
 d - an amulet of faith (around neck)
 l - a ring of resist corrosion (left hand)
 m - a +6 ring of strength
Wands
 e - a wand of digging (4)
Scrolls
 i - a scroll of teleportation
 k - a scroll of identify
 p - 2 scrolls of enchant armour
Potions
 a - a potion of mutation
 f - 5 potions of curing
 g - a potion of cancellation
 h - a potion of magic
 n - a potion of resistance

Dungeon Overview and Level Annotations

Branches:
Dungeon (9/15)             Temple (0/1) D:5            Lair (0/5) D:9
    Orc (0/2) D:9         Ossuary (visited)

Altars:
Cheibriados
Elyvilon
Fedhas
Hepliaklqana
Nemelex Xobeh
Okawaru
Qazlal
Sif Muna
Uskayaw
Vehumet
Zin

Annotations:
D:2 1 runed translucent door, Crazy Yiuf


Message History

You shoot an arrow. The arrow misses the tengu warrior.
The centaur warrior hits you. The centaur warrior kicks you.
The tengu warrior hits you with a +1 battleaxe!
The tengu warrior pecks you but does no damage.
The tengu warrior claws you but does no damage.
8683 ||| READING 2 scrolls of teleportation.
As you read the scroll of teleportation, it crumbles to dust.
You feel strangely unstable.
The centaur warrior hits you but does no damage.
The centaur warrior kicks you. The tengu warrior misses you.
The tengu warrior pecks you but does no damage.
The tengu warrior barely misses you.
You shoot an arrow.
The arrow hits the tengu warrior but does no damage.
The tengu warrior is severely wounded.
The centaur warrior hits you. The centaur warrior kicks you.
You shoot an arrow. The arrow hits the tengu warrior.
The tengu warrior is severely wounded.
The centaur warrior completely misses you.
The centaur warrior kicks you but does no damage.
The tengu warrior closely misses you.
The tengu warrior pecks you but does no damage.
The tengu warrior claws you.
You shoot an arrow.
The arrow hits the tengu warrior but does no damage.
The tengu warrior is severely wounded.
The centaur warrior hits you.
The centaur warrior kicks you but does no damage.
The tengu warrior hits you but does no damage.
The tengu warrior barely misses you.
The tengu warrior completely misses you.
You shoot an arrow.
The arrow hits the tengu warrior but does no damage.
The tengu warrior is severely wounded.
The centaur warrior hits you. The centaur warrior barely misses you.
You shoot an arrow. The arrow hits the tengu warrior.
The tengu warrior is almost dead.
The centaur warrior closely misses you. The centaur warrior kicks you.
The tengu warrior hits you with a +1 battleaxe!
You die...

.....#. .......
.....#. .......
....#. ....... .....
....... #... .....#
#... .....#
#...#.....#........#
#...@.....#........##
#..cQ.....#......>.#.
###.#..............#.
.. ..............#.
#..#..............#.
...#..............#.
.... .........[....##
#....
##.###....###...
.###......).# #...


You could see a tengu warrior (very poisoned) and a centaur warrior.

Vanquished Creatures
  A centaur warrior (D:9)
  A deep elf pyromancer (D:9)
  A cyclops (D:8)
  A troll (D:6)
  Sigmund (D:4)
  A wyvern (D:8)
  2 hornet zombies (Ossuary)
  A sky beast (D:8)
  A black bear (D:7)
  An orc warrior (D:7)
  2 ogres
  5 centaurs
  A kobold brigand (D:9)
  Blork the orc (D:4)
  3 wyvern zombies (Ossuary)
  A scorpion (D:6)
  A bullfrog (D:9)
  3 water moccasin zombies (Ossuary)
  A gnoll sergeant (D:7)
  6 wights
  4 killer bees (D:8)
  3 centaur zombies (Ossuary)
  5 bullfrog zombies (Ossuary)
  2 jellies
  A hound (D:5)
  3 orc priests
  A sleepcap (D:5)
  Jessica (D:2)
  5 iguanas
  9 orc wizards
  Natasha (thrice) (D:2)
  2 killer bee zombies (Ossuary)
  A howler monkey zombie (Ossuary)
  15 mummies (Ossuary)
  Robin (D:4)
  8 gnolls
  10 adders
  A shadow imp (D:8)
  2 white imps
  2 ufetubi
  5 dart slugs
  23 orcs
  7 ball pythons
  7 endoplasms
  5 giant cockroaches
  16 goblins
  13 hobgoblins
  3 jackals (D:2)
  3 kobolds
  5 quokkas
  4 bats (D:1)
  2 frilled lizards
  12 rats
219 creatures vanquished.

Notes
Turn   | Place    | Note
-------+----------+-------------------------------------------
     0 | D:1      | qw the Naga Hunter began the quest for the Orb.
     0 | D:1      | Reached XP level 1. HP: 19/19 MP: 1/1
     0 | D:1      | 0 ||| qw: Version: 0.2-a-29-g511e9b1
     0 | D:1      | 0 ||| qw: Game counter: 5879
     0 | D:1      | 0 ||| qw: Always use a shield: true
     0 | D:1      | 0 ||| qw: God list: Okawaru
     0 | D:1      | 0 ||| qw: Allow faded altars: false
     0 | D:1      | 0 ||| qw: Do Orc after D:15 true
     0 | D:1      | 0 ||| qw: Do second Lair branch before Depths: true
     0 | D:1      | 0 ||| qw: Lair rune preference: random
     0 | D:1      | 0 ||| qw: Plans: Normal
     0 | D:1      | 0 ||| PLANNING D:1-11
    10 | D:1      | 10 ||| INVOKING Spit Poison.
    32 | D:1      | 32 ||| INVOKING Spit Poison.
    58 | D:1      | 58 ||| INVOKING Spit Poison.
    85 | D:1      | 85 ||| INVOKING Spit Poison.
    90 | D:1      | 90 ||| INVOKING Spit Poison.
    91 | D:1      | Reached skill level 4 in Ranged Weapons
    91 | D:1      | Reached XP level 2. HP: 8/26 MP: 2/2
    94 | D:1      | HP: 6/26 [frilled lizard (1)]
    95 | D:1      | 95 ||| INVOKING Spit Poison.
    96 | D:1      | 96 ||| INVOKING Spit Poison.
    96 | D:1      | HP: 2/26 [frilled lizard (1)]
   264 | D:1      | 264 ||| DRINKING 2 cyan potions.
   265 | D:1      | 265 ||| DROPPING scroll of butterflies.
   266 | D:1      | 266 ||| DROPPING potion of brilliance.
   272 | D:1      | 272 ||| INVOKING Spit Poison.
   391 | D:1      | 391 ||| INVOKING Spit Poison.
   418 | D:1      | 418 ||| INVOKING Spit Poison.
   422 | D:1      | Reached XP level 3. HP: 32/32 MP: 3/3
   502 | D:1      | 502 ||| INVOKING Spit Poison.
   539 | D:1      | 539 ||| INVOKING Spit Poison.
   612 | D:1      | 612 ||| READING scroll labelled OFRENW KATAGOH.
   613 | D:1      | 613 ||| READING 2 scrolls labelled WAX DO WUXO.
   614 | D:1      | 614 ||| DRINKING 3 smoky red potions.
   663 | D:2      | 663 ||| INVOKING Spit Poison.
   666 | D:2      | Noticed Natasha
   668 | D:2      | 668 ||| INVOKING Spit Poison.
   670 | D:2      | HP: 6/32 [Natasha/magic dart (8)]
   671 | D:2      | Killed Natasha
   672 | D:2      | Reached skill level 5 in Ranged Weapons
   672 | D:2      | Reached XP level 4. HP: 8/39 MP: 4/4
   681 | D:2      | 681 ||| INVOKING Spit Poison.
   802 | D:2      | 802 ||| INVOKING Spit Poison.
   814 | D:2      | 814 ||| INVOKING Spit Poison.
   819 | D:2      | 819 ||| INVOKING Spit Poison.
   826 | D:2      | 826 ||| INVOKING Spit Poison.
   832 | D:2      | 832 ||| INVOKING Spit Poison.
   834 | D:2      | HP: 9/40 [gnoll/+0 flail (9)]
   836 | D:2      | 836 ||| INVOKING Spit Poison.
   962 | D:2      | Found a stormy altar of Qazlal.
   974 | D:2      | 974 ||| INVOKING Spit Poison.
   978 | D:2      | 978 ||| INVOKING Spit Poison.
  1044 | D:2      | Noticed Natasha
  1047 | D:2      | 1047 ||| INVOKING Spit Poison.
  1053 | D:2      | 1053 ||| INVOKING Spit Poison.
  1054 | D:2      | Killed Natasha
  1055 | D:2      | Reached skill level 3 in Fighting
  1055 | D:2      | Reached XP level 5. HP: 30/49 MP: 5/5
  1057 | D:2      | 1057 ||| INVOKING Spit Poison.
  1336 | D:2      | Noticed Jessica
  1337 | D:2      | 1337 ||| INVOKING Spit Poison.
  1337 | D:2      | Killed Jessica
  1374 | D:2      | 1374 ||| INVOKING Spit Poison.
  1385 | D:2      | 1385 ||| INVOKING Spit Poison.
  1385 | D:2      | Noticed Natasha
  1391 | D:2      | Killed Natasha
  1444 | D:2      | 1444 ||| INVOKING Spit Poison.
  1447 | D:2      | 1447 ||| INVOKING Spit Poison.
  1453 | D:2      | 1453 ||| INVOKING Spit Poison.
  1507 | D:2      | 1507 ||| INVOKING Spit Poison.
  1535 | D:2      | 1535 ||| INVOKING Spit Poison.
  1543 | D:2      | 1543 ||| INVOKING Spit Poison.
  1549 | D:2      | 1549 ||| INVOKING Spit Poison.
  1570 | D:2      | Found a runed translucent door.
  1571 | D:2      | Noticed Crazy Yiuf
  1643 | D:2      | Identified the +2 hand axe of Focus {freeze, Stlth+}
  1845 | D:2      | 1845 ||| DROPPING +6 ring of intelligence.
  1846 | D:2      | 1846 ||| READING 2 scrolls labelled PEFOTA ZEICINK.
  1847 | D:2      | 1847 ||| READING scroll labelled PUPLAHARREBU.
  1848 | D:2      | 1848 ||| READING 2 scrolls labelled EHUSIU HIAFO.
  1890 | D:2      | 1890 ||| READING scroll labelled CEMITTESORCH.
  1891 | D:2      | 1891 ||| DROPPING scroll of immolation.
  1958 | D:3      | 1958 ||| INVOKING Spit Poison.
  1961 | D:3      | 1961 ||| INVOKING Spit Poison.
  1962 | D:3      | 1962 ||| STAIRDANCE
  1965 | D:2      | 1965 ||| INVOKING Spit Poison.
  1972 | D:2      | 1972 ||| INVOKING Spit Poison.
  2273 | D:3      | Found a glowing silver altar of Zin.
  2323 | D:3      | Found a stormy altar of Qazlal.
  2342 | D:3      | 2342 ||| INVOKING Spit Poison.
  2346 | D:3      | Reached XP level 6. HP: 56/56 MP: 6/6
  2347 | D:3      | 2347 ||| INVOKING Spit Poison.
  2363 | D:3      | 2363 ||| INVOKING Spit Poison.
  2384 | D:3      | 2384 ||| INVOKING Spit Poison.
  2397 | D:3      | 2397 ||| INVOKING Spit Poison.
  2399 | D:3      | Reached skill level 6 in Ranged Weapons
  2407 | D:3      | 2407 ||| INVOKING Spit Poison.
  2413 | D:3      | 2413 ||| INVOKING Spit Poison.
  2448 | D:3      | 2448 ||| INVOKING Spit Poison.
  2528 | D:3      | Found an iron altar of Okawaru.
  2529 | D:3      | 2529 ||| PLANNING OKAWARU WORSHIP
  2529 | D:3      | 2529 ||| INVOKING Spit Poison.
  2534 | D:3      | 2534 ||| READING scroll labelled LOISMU KOCKEKK.
  2542 | D:3      | Became a worshipper of Warmaster Okawaru
  2543 | D:3      | 2543 ||| PLANNING D:1-11
  2681 | D:3      | Found a hide-covered altar of Uskayaw.
  2980 | D:4      | 2980 ||| INVOKING Spit Poison.
  3001 | D:4      | 3001 ||| INVOKING Spit Poison.
  3162 | D:4      | Noticed Blork the orc
  3164 | D:4      | 3164 ||| INVOKING Spit Poison.
  3169 | D:4      | 3169 ||| INVOKING Spit Poison.
  3169 | D:4      | Killed Blork the orc
  3240 | D:4      | 3240 ||| INVOKING Spit Poison.
  3246 | D:4      | Noticed Robin
  3247 | D:4      | 3247 ||| INVOKING Spit Poison.
  3253 | D:4      | 3253 ||| INVOKING Spit Poison.
  3254 | D:4      | Killed Robin
  3435 | D:4      | 3435 ||| INVOKING Spit Poison.
  3489 | D:4      | 3489 ||| INVOKING Spit Poison.
  3568 | D:4      | 3568 ||| INVOKING Spit Poison.
  3671 | D:4      | 3671 ||| INVOKING Spit Poison.
  3672 | D:4      | 3672 ||| INVOKING Spit Poison.
  3675 | D:4      | 3675 ||| INVOKING Spit Poison.
  3678 | D:4      | Reached XP level 7. HP: 54/64 MP: 7/7
  3744 | D:4      | 3744 ||| INVOKING Spit Poison.
  3749 | D:4      | 3749 ||| INVOKING Spit Poison.
  3799 | D:4      | Noticed Sigmund
  3800 | D:4      | 3800 ||| INVOKING Spit Poison.
  3804 | D:4      | 3804 ||| INVOKING Spit Poison.
  3806 | D:4      | 3806 ||| DRINKING 3 potions of curing.
  3806 | D:4      | 3806 ||| (to cure confusion)
  3807 | D:4      | 3807 ||| INVOKING Spit Poison.
  3808 | D:4      | Killed Sigmund
  3809 | D:4      | Reached skill level 7 in Ranged Weapons
  3831 | D:4      | 3831 ||| INVOKING Spit Poison.
  3831 | D:4      | Reached * piety under Okawaru
  3851 | D:4      | Found a shimmering blue altar of Sif Muna.
  3922 | D:4      | 3922 ||| UPGRADING to +1 helmet.
  3927 | D:4      | 3927 ||| READING scroll of enchant armour.
  3927 | D:4      | 3927 ||| ENCHANTING +1 helmet.
  3928 | D:4      | 3928 ||| READING scroll labelled POYDER KUOVO.
  4029 | D:4      | 4029 ||| READING scroll labelled MIGHEM ILANKOMM.
  4030 | D:4      | 4030 ||| DRINKING 2 ruby potions.
  4031 | D:4      | 4031 ||| DRINKING 2 emerald potions.
  4032 | D:4      | 4032 ||| DROPPING potion of enlightenment.
  4051 | D:5      | Entered Level 5 of the Dungeon
  4061 | D:5      | 4061 ||| INVOKING Spit Poison.
  4066 | D:5      | 4066 ||| INVOKING Spit Poison.
  4136 | D:5      | 4136 ||| INVOKING Spit Poison.
  4210 | D:5      | 4210 ||| INVOKING Spit Poison.
  4214 | D:5      | 4214 ||| INVOKING Spit Poison.
  4216 | D:5      | Reached skill level 1 in Invocations
  4247 | D:5      | 4247 ||| INVOKING Heroism.
  4248 | D:5      | 4248 ||| INVOKING Spit Poison.
  4249 | D:5      | 4249 ||| INVOKING Spit Poison.
  4255 | D:5      | 4255 ||| INVOKING Spit Poison.
  4403 | D:5      | 4403 ||| Stepping ~*~*~tactically~*~*~ (outnumbered).
  4407 | D:5      | 4407 ||| INVOKING Spit Poison.
  4408 | D:5      | 4408 ||| Stepping ~*~*~tactically~*~*~ (outnumbered).
  4409 | D:5      | 4409 ||| Stepping ~*~*~tactically~*~*~ (outnumbered).
  4411 | D:5      | 4411 ||| INVOKING Spit Poison.
  4414 | D:5      | Reached XP level 8. HP: 63/72 MP: 7/9
  4414 | D:5      | 4414 ||| INVOKING Spit Poison.
  4418 | D:5      | 4418 ||| INVOKING Spit Poison.
  4505 | D:5      | 4505 ||| INVOKING Spit Poison.
  4660 | D:5      | 4660 ||| INVOKING Spit Poison.
  4663 | D:5      | Reached skill level 8 in Ranged Weapons
  4692 | D:5      | Found a staircase to the Ecumenical Temple.
  4762 | D:5      | 4762 ||| READING scroll labelled LOCVYG RAAN.
  4763 | D:5      | 4763 ||| READING scroll labelled KAGODDAYRR.
  4791 | D:6      | 4791 ||| PLANNING OSSUARY
  4802 | D:6      | 4802 ||| INVOKING Spit Poison.
  4828 | D:6      | Reached skill level 3 in Invocations
  4945 | D:6      | Found a white marble altar of Elyvilon.
  5085 | D:6      | Noticed a troll
  5086 | D:6      | 5086 ||| INVOKING Heroism.
  5089 | D:6      | 5089 ||| INVOKING Spit Poison.
  5093 | D:6      | Killed a troll
  5094 | D:6      | 5094 ||| INVOKING Spit Poison.
  5143 | D:6      | 5143 ||| INVOKING Spit Poison.
  5181 | D:6      | 5181 ||| INVOKING Spit Poison.
  5195 | D:6      | Found a sand-covered staircase.
  5196 | D:6      | 5196 ||| UPGRADING to ring of resist corrosion.
  5197 | D:6      | 5197 ||| READING scroll labelled SUNOIDGH BIYCUP.
  5202 | Ossuary  | Entered an ossuary
  5237 | Ossuary  | Reached ** piety under Okawaru
  5248 | Ossuary  | 5248 ||| INVOKING Heroism.
  5262 | Ossuary  | Reached skill level 9 in Ranged Weapons
  5262 | Ossuary  | Reached XP level 9. HP: 45/81 MP: 10/12
  5282 | Ossuary  | 5282 ||| FLEEEEING.
  5314 | Ossuary  | Reached skill level 1 in Armour
  5417 | Ossuary  | 5417 ||| Stepping ~*~*~tactically~*~*~ (outnumbered).
  5419 | Ossuary  | 5419 ||| Stepping ~*~*~tactically~*~*~ (outnumbered).
  5435 | Ossuary  | 5435 ||| INVOKING Heroism.
  5440 | Ossuary  | Reached skill level 3 in Dodging
  5460 | Ossuary  | 5460 ||| FLEEEEING.
  5484 | Ossuary  | 5484 ||| INVOKING Heroism.
  5530 | Ossuary  | 5530 ||| INVOKING Heroism.
  5614 | Ossuary  | Reached skill level 6 in Fighting
  5753 | Ossuary  | 5753 ||| INVOKING Heroism.
  5870 | Ossuary  | 5870 ||| READING scroll of enchant weapon.
  5870 | Ossuary  | 5870 ||| ENCHANTING +1 shortbow of electrocution.
  6021 | Ossuary  | 6021 ||| READING scroll labelled ANTEER TOHIEDD.
  6022 | Ossuary  | 6022 ||| DRINKING 2 amethyst potions.
  6022 | Ossuary  | Gained mutation: You are resistant to electric shocks.
                  | (rElec) [potion of mutation]
  6022 | Ossuary  | Gained mutation: Your magical capacity is low. (-10% MP)
                  | [potion of mutation]
  6022 | Ossuary  | Gained mutation: You can exhale a cloud of poison. [potion
                  | of mutation]
  6022 | Ossuary  | Gained mutation: You are agile. (Dex +4, Str/Int -1)
                  | [potion of mutation]
  6023 | Ossuary  | 6023 ||| DRINKING 3 red potions.
  6024 | Ossuary  | 6024 ||| DRINKING 2 sedimented white potions.
  6025 | Ossuary  | 6025 ||| DRINKING 4 potions of curing.
  6025 | Ossuary  | 6025 ||| (to cure confusion)
  6026 | Ossuary  | 6026 ||| READING 3 scrolls of identify.
  6026 | Ossuary  | 6026 ||| IDENTIFYING sedimented orange potion
  6027 | Ossuary  | 6027 ||| READING 2 scrolls of identify.
  6027 | Ossuary  | 6027 ||| IDENTIFYING lumpy cyan potion
  6028 | Ossuary  | 6028 ||| DROPPING potion of berserk rage.
  6029 | Ossuary  | 6029 ||| DROPPING potion of ambrosia.
  6051 | D:6      | 6051 ||| PLANNING D:1-11
  6269 | D:6      | 6269 ||| INVOKING Breathe Poison Gas.
  6432 | D:6      | Found a sparkling altar of Nemelex Xobeh.
  6436 | D:6      | 6436 ||| INVOKING Heroism.
  6437 | D:6      | 6437 ||| INVOKING Breathe Poison Gas.
  6564 | D:6      | 6564 ||| DROPPING ring of flight.
  6565 | D:6      | 6565 ||| READING 2 scrolls of identify.
  6565 | D:6      | 6565 ||| IDENTIFYING blue potion
  6566 | D:6      | 6566 ||| DROPPING potion of attraction.
  6595 | D:7      | 6595 ||| INVOKING Heroism.
  6596 | D:7      | 6596 ||| INVOKING Breathe Poison Gas.
  6599 | D:7      | Reached skill level 10 in Ranged Weapons
  6872 | D:7      | 6872 ||| INVOKING Breathe Poison Gas.
  6874 | D:7      | 6874 ||| INVOKING Heroism.
  6928 | D:7      | 6928 ||| INVOKING Heroism.
  6970 | D:7      | 6970 ||| INVOKING Breathe Poison Gas.
  7016 | D:7      | 7016 ||| INVOKING Breathe Poison Gas.
  7064 | D:7      | 7064 ||| INVOKING Breathe Poison Gas.
  7170 | D:7      | Found a snail-covered altar of Cheibriados.
  7170 | D:7      | Found a hazy altar of Hepliaklqana.
  7171 | D:7      | 7171 ||| UPGRADING to +0 orcbow.
  7172 | D:7      | 7172 ||| DROPPING +2 shortbow of electrocution.
  7298 | D:7      | 7298 ||| UPGRADING to +2 robe of fire resistance.
  7308 | D:7      | 7308 ||| DROPPING +0 leather armour.
  7309 | D:7      | 7309 ||| UPGRADING to amulet of faith.
  7314 | D:7      | 7314 ||| READING 3 scrolls of identify.
  7314 | D:7      | 7314 ||| IDENTIFYING pink potion
  7315 | D:7      | 7315 ||| READING 2 scrolls of identify.
  7315 | D:7      | 7315 ||| IDENTIFYING bubbling amethyst potion
  7316 | D:7      | 7316 ||| DROPPING potion of degeneration.
  7344 | D:8      | 7344 ||| INVOKING Breathe Poison Gas.
  7364 | D:8      | Reached XP level 10. HP: 94/94 MP: 11/11
  7415 | D:8      | Noticed a cyclops
  7416 | D:8      | 7416 ||| INVOKING Heroism.
  7418 | D:8      | 7418 ||| INVOKING Breathe Poison Gas.
  7425 | D:8      | Killed a cyclops
  7454 | D:8      | 7454 ||| INVOKING Breathe Poison Gas.
  7455 | D:8      | Reached *** piety under Okawaru
  7516 | D:8      | 7516 ||| INVOKING Breathe Poison Gas.
  7537 | D:8      | Found a radiant altar of Vehumet.
  7669 | D:8      | 7669 ||| INVOKING Breathe Poison Gas.
  7825 | D:8      | 7825 ||| INVOKING Breathe Poison Gas.
  8007 | D:8      | 8007 ||| INVOKING Breathe Poison Gas.
  8030 | D:8      | 8030 ||| INVOKING Breathe Poison Gas.
  8164 | D:8      | 8164 ||| INVOKING Breathe Poison Gas.
  8178 | D:8      | Reached skill level 11 in Ranged Weapons
  8362 | D:9      | Found a blossoming altar of Fedhas.
  8363 | D:9      | Found a staircase to the Lair.
  8402 | D:9      | 8402 ||| INVOKING Breathe Poison Gas.
  8439 | D:9      | 8439 ||| INVOKING Breathe Poison Gas.
  8443 | D:9      | Found a staircase to the Orcish Mines.
  8455 | D:9      | 8455 ||| INVOKING Breathe Poison Gas.
  8534 | D:9      | 8534 ||| INVOKING Breathe Poison Gas.
  8579 | D:9      | 8579 ||| INVOKING Breathe Poison Gas.
  8583 | D:9      | Noticed a deep elf pyromancer
  8584 | D:9      | 8584 ||| Stepping ~*~*~tactically~*~*~ (outnumbered).
  8591 | D:9      | Noticed a centaur warrior
  8594 | D:9      | 8594 ||| INVOKING Breathe Poison Gas.
  8595 | D:9      | 8595 ||| INVOKING Heroism.
  8596 | D:9      | HP: 23/96 [centaur warrior/arrow (15)]
  8597 | D:9      | 8597 ||| READING 3 scrolls of teleportation.
  8597 | D:9      | HP: 11/96 [centaur warrior/arrow (12)]
  8598 | D:9      | 8598 ||| DRINKING 2 potions of heal wounds.
  8599 | D:9      | 8599 ||| DRINKING potion of heal wounds.
  8606 | D:9      | Killed a centaur warrior
  8606 | D:9      | Reached **** piety under Okawaru
  8668 | D:9      | 8668 ||| INVOKING Heroism.
  8668 | D:9      | Noticed a tengu warrior
  8669 | D:9      | 8669 ||| INVOKING Breathe Poison Gas.
  8674 | D:9      | Killed a deep elf pyromancer
  8675 | D:9      | Noticed a centaur warrior
  8682 | D:9      | HP: 22/98 [tengu warrior/+1 battleaxe (13)]
  8683 | D:9      | 8683 ||| READING 2 scrolls of teleportation.
  8687 | D:9      | HP: 11/98 [centaur warrior (2)]
  8688 | D:9      | Slain by a tengu warrior

Levels and vault maps discovered:
D:1:      saegor_arrival_miasma, layout_basic, serial_glass, glass_columns_a,
          glass_columns_b, glass_columns_b, glass_columns_b, glass_columns_a,
          glass_columns_b, glass_columns_b, glass_columns_a
D:2:      layout_loops_ring, basic_altar, minmay_randomly_rotated_circles,
          uniq_crazy_yiuf_cottage, uniq_jessica, uniq_natasha
D:3:      layout_loops_ring, kennysheep_okawaru_gauntlet,
          mainiacjoe_overflow_chevrons, zin_academy,
          nicolae_qazlal_general_emergency, minmay_hedge_maze,
          nicolae_half_adder
D:4:      layout_gridville, led_sif_pool, uniq_blork_the_orc, uniq_robin,
          uniq_sigmund
D:5:      layout_basic, minmay_temple_entry_enclosed_plants
D:6:      layout_gridville, nicolae_elyvilon_temple_path,
          nemelex_dance_club_becter, enter_ossuary_2,
          minmay_misc_feat_more_columns, grunt_decor_resistance
D:7:      layout_gridville, gammafunk_temple_overflow_elements
D:8:      layout_layer_cave, mainiacjoe_overflow_24_doors, roderic_lattice_a
D:9:      minmay_cut_squares, layout_basic, kennysheep_vampire_church,
          fedhas_ov_isle_minmay, lair_entry_dummy

Skill      XL: |  1  2  3  4  5  6  7  8  9 10 |
---------------+-------------------------------+-----
Ranged Weapons | 4 5 6 7 9 10 11 | 11.3
Fighting       | 3 4 5 7 8 |  8.7
Dodging        | 2 4 |  4.0
Invocations    | 1 4 |  4.2
Armour         | 1 |  1.2
Stealth        | |  1.5

Action                     |  1- 3 |  4- 6 |  7- 9 | 10-12 || total
---------------------------+-------+-------+-------+-------++-------
   Fire: Shortbow          |    46 |   132 |   341 |       ||   519
         Orcbow            |       |       |    10 |    98 ||   108
 Invoke: Heroism           |       |       |    11 |     3 ||    14
Ability: Spit Poison       |    13 |    47 |    24 |       ||    84
         Breathe Poison Ga |       |       |     8 |    15 ||    23
    Use: Potion            |     2 |       |     7 |     2 ||    11
         Scroll            |     2 |     5 |    13 |     2 ||    22
 Armour: Leather armour    |     3 |     7 |    60 |       ||    70
         Robe              |       |       |       |    17 ||    17
  Dodge: Dodged            |    13 |    30 |    84 |    42 ||   169

Table legend:
 A = Non-vault XP
 B = Vault XP
 C = Vault XP percentage of total XP
 D = Non-vault monster count
 E = Vault monster count
 F = Vault count percentage of total count
                 A         B        C        D         E       F
            +---------+---------+-------+---------+---------+-------
      Total |    4372 |    3711 |  45.9 |     155 |      64 |  29.2
            +---------+---------+-------+---------+---------+-------
        D:1 |      48 |       0 |   0.0 |      24 |       0 |   0.0
        D:2 |     158 |      94 |  37.3 |      30 |       8 |  21.1
        D:3 |      30 |      44 |  59.5 |      11 |       5 |  31.2
        D:4 |     192 |     368 |  65.7 |      12 |      13 |  52.0
        D:5 |     374 |       0 |   0.0 |      16 |       0 |   0.0
        D:6 |     717 |     124 |  14.7 |      11 |       2 |  15.4
        D:7 |     757 |       0 |   0.0 |      20 |       0 |   0.0
        D:8 |    1451 |       0 |   0.0 |      18 |       0 |   0.0
        D:9 |     645 |    1444 |  69.1 |      13 |       2 |  13.3
    Ossuary |       0 |    1637 | 100.0 |       0 |      34 | 100.0
            +---------+---------+-------+---------+---------+-------
